 Dungeon Crawl Stone Soup version 0.30.1-11-g7821555f0a (webtiles) character file.

Game seed: 10011692165329360683

159491 jfcaron the Spear-Bearer (level 17, -1/138 HPs)
             Began as a Gnoll Cinder Acolyte on Nov 12, 2023.
             Was the Champion of Okawaru.
             Slain by a white very ugly thing (6 damage)
             ... in an ice cave.
             The game lasted 01:34:14 (33908 turns).

jfcaron the Spear-Bearer (Gnoll Cinder Acolyte)    Turns: 33908, Time: 01:34:15

Health: -1/138     AC: 23    Str: 25    XL:     17   Next: 74%
Magic:  33/33      EV: 15    Int: 13    God:    Okawaru [******]
Gold:   705        SH: 13    Dex: 11    Spells: 14/41 levels left

rFire   + + +        b - +6 demon trident (spect)
rCold   + + +        a - +2 kite shield {reflect}
rNeg    + + .        i - quicksilver dragon scales "Emmay" {Harm rF+++ Will+}
rPois   .            f - +2 hat "Femuacwy" {Rampage rC+ rN+}
rElec   +            D - +2 cloak
rCorr   .            j - +1 pair of gloves "Guceacupn" {Rampage rElec rC+ Dex+3}
SInv    .            d - +0 pair of boots
Will    ++...        m - amulet of Myssi {+Inv rF+ Regen+ Int-3}
Stlth   ++           P - ring "Lydwof" {Wiz rN+ Str+6 Stlth-}
HPRegen 1.23/turn    v - ring of protection from cold
MPRegen 0.23/turn

%: harm (+30% outgoing, +20% incoming), reflection, rampage, wizardry (x1)
@: silenced, slowed, very slow
A: fangs 1, strong nose, distributed training
a: Renounce Religion, Evoke Invisibility


You were in an ice cave.
You worshipped Okawaru.
Okawaru was exalted by your worship.
You visited 5 branches of the dungeon, and saw 26 of its levels.
You also visited: Sewer, Ossuary, Gauntlet and Ice Cave.

You collected 4144 gold pieces.
You spent 3439 gold pieces at shops.

Inventory:

Hand Weapons
 b - a +6 spectral demon trident (weapon)
   (You acquired it on level 5 of the Dungeon)
Missiles
 o - 2 throwing nets {!f}
 r - 2 datura-tipped darts {!f}
 U - 7 atropa-tipped darts {!f}
 X - 12 silver javelins {!f}
 Y - 4 curare-tipped darts {!f}
Armour
 a - a +2 kite shield of reflection (worn)
   (Okawaru gifted it to you on level 5 of the Lair of Beasts)
 d - a +0 pair of boots (worn)
 f - the +2 hat "Femuacwy" (worn) {Rampage rC+ rN+}
   (Okawaru gifted it to you on level 3 of the Spider Nest)

   rC:        It protects you from cold.
   rN:        It protects you from negative energy.
   Rampage:   It bestows one free step when moving towards enemies.
 i - the quicksilver dragon scales "Emmay" (worn) {Harm rF+++ Will+}
   (You bought it in a shop on level 6 of the Dungeon)

   rF:        It renders you almost immune to fire.
   Harm:      It increases damage dealt and taken.
   Will:      It increases your willpower.
 j - the +1 pair of gloves "Guceacupn" (worn) {Rampage rElec rC+ Dex+3}
   (You found it in an ice cave)

   Dex:       It affects your dexterity (+3).
   rC:        It protects you from cold.
   rElec:     It insulates you from electricity.
   Rampage:   It bestows one free step when moving towards enemies.
 n - the +3 crown of Dyrovepreva {rElec Int+2 SInv}
   (You found it on level 2 of the Lair of Beasts)

   Int:       It affects your intelligence (+2).
   rElec:     It insulates you from electricity.
   SInv:      It lets you see invisible.
 D - a +2 cloak (worn)
Jewellery
 m - the amulet of Myssi (around neck) {+Inv rF+ Regen+ Int-3}
   (You found it in a Gauntlet)

   [amulet of regeneration]

   Int:       It affects your intelligence (-3).
   rF:        It protects you from fire.
   +Inv:      It lets you turn invisible.
   Regen:     It increases your rate of health regeneration.
 v - a ring of protection from cold (right hand)
   (You found it on level 13 of the Dungeon)
 P - the ring "Lydwof" (left hand) {Wiz rN+ Str+6 Stlth-}
   (You found it in a Gauntlet)

   [ring of wizardry]

   It improves your spell success rate.
   Str:       It affects your strength (+6).
   rN:        It protects you from negative energy.
   Stlth:     It makes you less stealthy.
 W - a ring of poison resistance
Wands
 p - a wand of mindburst (8)
 G - a wand of paralysis (10)
 H - a wand of light (24)
   (You found it on level 13 of the Dungeon)
 Q - a wand of iceblast (15)
   (You found it on level 10 of the Dungeon)
 Z - a wand of digging (4)
Scrolls
 c - 8 scrolls of fear
 l - a scroll of immolation
 q - a scroll of poison
 y - 3 scrolls of silence
 K - 4 scrolls of vulnerability
 M - 3 scrolls of fog
 R - 4 scrolls of amnesia
Potions
 g - 3 potions of heal wounds
 h - 9 potions of flight
 k - 12 potions of curing
 s - 13 potions of might
 w - 6 potions of resistance
 z - 5 potions of haste
 A - 4 potions of cancellation
 B - 2 potions of invisibility
 E - 5 potions of lignification
 I - a potion of ambrosia
 J - 4 potions of brilliance
 N - a potion of magic
 O - a potion of berserk rage
Miscellaneous
 S - a lightning rod (2/4)
   (You found it in a Gauntlet)
 V - a phial of floods
   (You found it in a Gauntlet)


   Skills:
 + Level 13.8 Fighting
 + Level 12.3 Short Blades
 + Level 12.3 Long Blades
 + Level 12.3 Axes
 + Level 12.3 Maces & Flails
 + Level 13.8 Polearms
 + Level 12.3 Staves
 + Level 12.3 Ranged Weapons
 + Level 12.3 Throwing
 + Level 12.3 Armour
 + Level 12.3 Dodging
 + Level 12.3 Stealth
 + Level 12.3 Shields
 + Level 12.3 Unarmed Combat
 + Level 12.6 Spellcasting
 + Level 10.4 Conjurations
 + Level 10.4 Hexes
 + Level 10.4 Summonings
 + Level 10.4 Necromancy
 + Level 10.4 Translocations
 + Level 10.4 Transmutations
 + Level 11.7 Fire Magic
 + Level 10.4 Ice Magic
 + Level 10.4 Air Magic
 + Level 10.4 Earth Magic
 + Level 10.4 Poison Magic
 + Level 13.3 Invocations
 + Level 12.3 Evocations


You had 14 spell levels left.
You knew the following spells:

 Your Spells              Type           Power      Damage    Failure   Level
a - Scorch                Fire           76%        2d8       1%          2
b - Passwall              Tmut/Erth      29%        N/A       1%          2
c - Vhi's Electric Charg  Tloc/Air       70%        N/A       1%          3
d - Apportation           Tloc           70%        N/A       1%          1
e - Blink                 Tloc           70%        N/A       1%          2
f - Dispel Undead         Necr           35%        3d15      1%          4
g - Confusing Touch       Hex            35%        N/A       1%          3
h - Arcjolt               Conj/Air       17%        1d27      3%          5
i - Yara's Violent Unrav  Hex/Tmut       17%        3d8       3%          5

Your spell library contained the following spells:

 Spells                   Type           Power      Damage    Failure   Level
 Kiss of Death            Conj/Necr      100%       2d13      1%          1
 Sandblast                Erth           70%        2d15      1%          1
 Frozen Ramparts          Ice            70%        1d11      1%          3
 Gell's Gravitas          Tloc           35%        N/A       1%          3
 Stone Arrow              Conj/Erth      70%        3d11      1%          3
 Teleport Other           Tloc           35%        N/A       1%          3
 Airstrike                Air            17%        2d(3-19)  1%          4
 Ice Form                 Ice/Tmut       35%        N/A       1%          4
 Manifold Assault         Tloc           35%        N/A       1%          4
 Petrify                  Tmut/Erth      35%        N/A       1%          4
 Fireball                 Conj/Fire      18%        3d9       2%          5
 Alistair's Intoxication  Tmut/Pois      23%        N/A       3%          5
 Iskenderun's Battlesphe  Conj           35%        2d9       3%          5
 Metabolic Englaciation   Hex/Ice        17%        N/A       3%          5
 Conjure Ball Lightning   Conj/Air       17%        3x3d6     16%         6
 Dispersal                Tloc           17%        N/A       16%         6
 Eringya's Noxious Bog    Tmut/Pois      17%        N/A       16%         6
 Iron Shot                Conj/Erth      17%        9d4       16%         6
 Statue Form              Tmut/Erth      23%        N/A       16%         6
 Orb of Destruction       Conj           17%        9d7       63%         7
 Storm Form               Tmut/Air       17%        N/A       63%         7
 Discord                  Hex            17%        N/A       99%         8
 Disjunction              Tloc           17%        N/A       99%         8
 Maxwell's Capacitive Co  Air            17%        ∞         99%         8
 Summon Small Mammal      Summ           Unusable   N/A       N/A         1
 Call Canine Familiar     Summ           Unusable   N/A       N/A         3
 Summon Guardian Golem    Hex/Summ       Unusable   N/A       N/A         3
 Summon Ice Beast         Ice/Summ       Unusable   N/A       N/A         4
 Summon Forest            Summ/Tloc      Unusable   N/A       N/A         5
 Summon Mana Viper        Hex/Summ       Unusable   N/A       N/A         5
 Spellforged Servitor     Conj/Summ      Unusable   N/A       N/A         7
 Summon Hydra             Summ           Unusable   N/A       N/A         7

Dungeon Overview and Level Annotations

Branches:
Dungeon (15/15)            Temple (1/1) D:5            Lair (5/5) D:9
 Shoals (0/4) Lair:2       Spider (3/4) Lair:2        Slime (0/5) Lair:5
    Orc (2/2) D:9             Elf (0/3) Orc:2        Vaults (0/5) D:14
 Depths (0/4) D:15          Sewer (visited)         Ossuary (visited)
  IceCv (1/1)             Gauntlet (visited)

Altars:
Ashenzari
Cheibriados
Dithmenos
Elyvilon
Fedhas
Gozag
Hepliaklqana
Kikubaaqudgha
Makhleb
Nemelex Xobeh
Okawaru
Qazlal
Ru
Sif Muna
Trog
Uskayaw
Vehumet
Wu Jian
Xom
Yredelemnul
Zin
The Shining One
Jiyva

Shops:
D:3 (   D:6 [[=*:   D:15 *   Orc:2 !((*

Annotations:
IceCv exclusion: door


Innate Abilities, Weirdness & Mutations

You have very sharp teeth.
Your uncanny sense of smell can sniff out nearby items.
Your experience applies equally to all skills.


Message History

Your +6 spectral demon trident disappears.
* * * LOW HITPOINT WARNING * * *
You block the freezing wraith's attack.
The freezing wraith hits you but does no damage.
You closely miss the freezing wraith.
The freezing wraith is almost destroyed.
Your +6 spectral demon trident hits the freezing wraith!
You destroy the freezing wraith!
Okawaru accepts your kill.
The white very ugly thing bites you but does no damage.
Aiming: Thunderbolt
Press: ? - help, Shift-Dir - straight line The thunderbolt hits the freezing wraith!
The freezing wraith is moderately damaged.
Your +6 spectral demon trident disappears.
The white very ugly thing bites you.
* * * LOW HITPOINT WARNING * * *
The white very ugly thing freezes you. You resist.
* * * LOW HITPOINT WARNING * * *
The freezing wraith closely misses you. You block the freezing wraith's attack.
Aiming: Thunderbolt
Press: ? - help, Shift-Dir - straight line, f - freezing wraith
Aim: a freezing wraith The thunderbolt hits the freezing wraith!
The freezing wraith is moderately damaged.
The thunderbolt hits the dire elephant simulacrum!
The dire elephant simulacrum is moderately damaged.
The thunderbolt hits the white very ugly thing!!
The white very ugly thing is moderately wounded.
The thunderbolt hits the freezing wraith!
The freezing wraith is heavily damaged.
The white very ugly thing bites you!
* * * LOW HITPOINT WARNING * * *
The white very ugly thing freezes you! You resist.
* * * LOW HITPOINT WARNING * * *
You block the freezing wraith's attack. The freezing wraith closely misses you.
The white very ugly thing bites you.
* * * LOW HITPOINT WARNING * * *
The white very ugly thing freezes you. You resist.
You die...

## ∆∆ ##.. +##
#...## ..##
.....## ...#
#.W.^### ...## ∆
#.....## ...8# ∆
∆∆#.Z@...# ....#
∆∆#.uW...##
....# ∆
#....#..# ....#
#....##.##
...8#####
.....##..##
.....#..###....#
##..#
.....#...###.##
#..##
#.#...)#..###
##.##
####...#..#
##..#


You could see a white very ugly thing, 2 freezing wraiths and a dire elephant
simulacrum.

Vanquished Creatures
  A lich (IceCv)
  2 ghost moths
  An orc warlord (Arena)
  A broodmother (Spider:2)
  Nessos (Lair:3)
  The ghost of adizb the Grappler, a journeyman TrEE of the Shining One (Lair:2)
  A minotaur (Gauntlet)
  A fire dragon (D:9)
  Harold (Orc:1)
  4 vault guards (D:14)
  An entropy weaver (Spider:2)
  A great orb of eyes (D:14)
  Fannar (Orc:1)
  A caustic shrike simulacrum (IceCv)
  An ogre mage (D:14)
  6 hydras
  Erica (Lair:1)
  6 catoblepae
  7 boulder beetles
  5 two-headed ogres
  5 death yaks (Lair:5)
  A death scarab (Gauntlet)
  12 centaur warriors
  A tengu warrior (D:9)
  2 thrashing horrors (Gauntlet)
  Urug (Lair:5)
  A skyshark (Lair:5)
  5 pharaoh ants
  3 sun moths
  5 skeletal warriors
  6 orb spiders
  4 bog bodies (IceCv)
  An obsidian statue (IceCv)
  A wizard (D:14)
  A spectral hydra (Gauntlet)
  A deep elf archer (D:14)
  8 orc knights
  5 steelbarb worms
  4 deep elf pyromancers
  2 necromancers
  8 ugly things
  14 wolf spiders
  3 moths of wrath
  8 cyclopes
  3 orc sorcerers
  A moth of wrath (shapeshifter) (D:14)
  10 manticores
  10 elephants
  3 black mambas
  A naga mage (D:15)
  2 gargoyles (D:13)
  5 demonic crawlers
  An eye of devastation (shapeshifter) (D:14)
  12 cane toads
  3 centaur skeletons (D:15)
  3 torpor snails
  3 unseen horrors
  2 kobold demonologists (D:14)
  6 rime drakes
  4 ice devils
  An unseen horror (shapeshifter) (D:14)
  3 anaconda simulacra (IceCv)
  2 yaktaurs
  2 minotaur zombies (Gauntlet)
  5 komodo dragons
  17 freezing wraiths
  4 polar bears
  10 trolls
  6 meliai
  2 hornets (D:9)
  16 tarantellas
  8 blink frogs
  A dream sheep (Lair:2)
  2 centaur simulacra
  22 jumping spiders
  12 culicivoras
  A vampire (D:14)
  2 dire elephant simulacra (IceCv)
  A spriggan (shapeshifter) (D:15)
  3 shadows
  21 slime creatures
  4 wraiths
  11 fire elementals
  6 wyverns
  3 basilisks
  66 yaks
  3 humans
  32 redbacks
  2 vampire mosquitoes (D:13)
  A steam dragon (D:6)
  A redback simulacrum (D:15)
  15 wargs
  A minotaur simulacrum (IceCv)
  2 acid dragons
  4 harpy simulacra (IceCv)
  17 water moccasins
  3 hydra simulacra (IceCv)
  A water moccasin (shapeshifter) (D:13)
  2 alligator simulacra (IceCv)
  2 black bears
  42 orc warriors
  An ettin simulacrum (IceCv)
  8 ice beasts
  12 centaurs
  9 ogres
  5 boggarts (D:15)
  3 wolves (D:9)
  4 small abominations (Gauntlet)
  3 phantoms
  6 kobold brigands
  10 bullfrogs
  3 scorpions
  A gnoll sergeant (D:13)
  2 deep troll simulacra (IceCv)
  12 wights
  2 lindwurm simulacra (IceCv)
  4 killer bees (D:10)
  2 electric eels (D:6)
  5 howler monkeys
  7 centaur zombies
  2 lava snakes (D:9)
  15 jellies
  7 hounds
  18 orc priests
  2 gnoll boudas
  2 iguanas
  25 orc wizards
  5 mummies (Ossuary)
  9 adders
  24 gnolls
  4 white imps (Gauntlet)
  An ufetubus (D:7)
  A worm zombie (D:5)
  A worm (D:3)
  6 dart slugs
  101 orcs
  8 bats
  9 endoplasms
  8 giant cockroaches
  5 goblins
  14 hobgoblins
  4 jackals
  4 quokkas
  11 ball pythons
  3 frilled lizards
  4 hobgoblin zombies (Ossuary)
  57 kobolds
  6 rats
  A rat zombie (D:5)
  52 foxfires
  12 spectral weapons
1094 creatures vanquished.

Notes
Turn   | Place    | Note
-------+----------+-------------------------------------------
     0 | D:1      | jfcaron the Gnoll Cinder Acolyte began the quest for the
                  | Orb.
     0 | D:1      | Reached XP level 1. HP: 23/23 MP: 4/4
    96 | D:1      | Reached XP level 2. HP: 27/29 MP: 5/5
    99 | D:1      | Learned a level 2 spell: Scorch
   226 | D:1      | Got the Folio of Enchanted Feathers
   501 | D:1      | Reached XP level 3. HP: 35/35 MP: 7/7
   818 | D:2      | You fall into a shaft and drop 1 floor!
   920 | D:3      | Reached skill level 1 in Invocations
  1019 | D:2      | Reached skill level 1 in Short Blades
  1019 | D:2      | Reached skill level 1 in Long Blades
  1019 | D:2      | Reached skill level 1 in Axes
  1019 | D:2      | Reached skill level 1 in Maces & Flails
  1019 | D:2      | Reached skill level 1 in Staves
  1019 | D:2      | Reached skill level 1 in Ranged Weapons
  1019 | D:2      | Reached skill level 1 in Throwing
  1019 | D:2      | Reached skill level 1 in Armour
  1019 | D:2      | Reached skill level 1 in Dodging
  1019 | D:2      | Reached skill level 1 in Stealth
  1019 | D:2      | Reached skill level 1 in Shields
  1019 | D:2      | Reached skill level 1 in Unarmed Combat
  1019 | D:2      | Reached skill level 1 in Evocations
  1191 | D:2      | Reached XP level 4. HP: 35/41 MP: 8/8
  1675 | D:3      | Reached skill level 1 in Conjurations
  1675 | D:3      | Reached skill level 1 in Hexes
  1675 | D:3      | Reached skill level 1 in Summonings
  1675 | D:3      | Reached skill level 1 in Necromancy
  1675 | D:3      | Reached skill level 1 in Translocations
  1675 | D:3      | Reached skill level 1 in Transmutations
  1675 | D:3      | Reached skill level 1 in Ice Magic
  1675 | D:3      | Reached skill level 1 in Air Magic
  1675 | D:3      | Reached skill level 1 in Earth Magic
  1675 | D:3      | Reached skill level 1 in Poison Magic
  1798 | D:3      | Found a faded altar of an unknown god.
  1849 | D:3      | Reached XP level 5. HP: 31/47 MP: 9/9
  1922 | D:3      | Found an ancient bone altar of Kikubaaqudgha.
  1925 | D:3      | Noticed a human
  1927 | D:3      | Killed a human
  1996 | D:3      | Found a shimmering blue altar of Sif Muna.
  2237 | D:3      | Found Cuuroz's Antique Weapon Emporium.
  2711 | D:4      | Identified a scroll of acquirement
  2711 | D:4      | Acquired 1355 gold pieces
  2871 | D:4      | Reached XP level 6. HP: 43/53 MP: 4/11
  3111 | D:4      | Found a hazy altar of Hepliaklqana.
  3147 | D:4      | Found an ornate altar of the Wu Jian Council.
  3988 | D:5      | Entered Level 5 of the Dungeon
  3997 | D:5      | Found a glowing silver altar of Zin.
  4026 | D:5      | Found a sand-covered staircase.
  4037 | Ossuary  | Entered an ossuary
  4047 | Ossuary  | Reached XP level 7. HP: 54/60 MP: 4/12
  4200 | D:5      | HP: 7/60 [acid (11)]
  4202 | D:5      | Reached XP level 8. HP: 37/67 MP: 1/14
  4538 | D:5      | Acquired a +4 demon trident of draining
  4548 | D:5      | Found a staircase to the Ecumenical Temple.
  4569 | Temple   | Entered the Ecumenical Temple
  4887 | D:6      | Found Juqeror's Jewellery Boutique.
  4998 | D:6      | Reached XP level 9. HP: 32/73 MP: 6/16
  5061 | D:6      | Reached skill level 5 in Spellcasting
  5111 | D:6      | Found a sacrificial altar of Ru.
  5146 | D:6      | Found Kois's Armour Emporium.
  5146 | D:6      | Noticed an animated crystal plate armour
  5148 | D:6      | Noticed an animated pearl dragon scales
  5184 | D:6      | Found a glowing drain.
  5208 | Sewer    | Entered a sewer
  5811 | D:6      | Found Sohan's Book Emporium.
  5822 | D:6      | Found Dian Urph's Assorted Antiques.
  6025 | D:6      | Found Kuucryw's Antique Armour Shoppe.
  6064 | D:6      | Reached skill level 5 in Invocations
  6859 | D:6      | Bought distressingly furry quicksilver dragon scales for
                  | 1625 gold pieces
  6859 | D:6      | Identified the quicksilver dragon scales "Emmay" {Harm
                  | rF+++ Will+} (You bought it in a shop on level 6 of the
                  | Dungeon)
  6875 | D:6      | Learned a level 2 spell: Passwall
  6888 | D:6      | Bought a knobbly wooden ring for 135 gold pieces
  6888 | D:6      | Bought a ruby ring for 135 gold pieces
  7134 | D:7      | Found a radiant altar of Vehumet.
  7233 | D:7      | Reached skill level 5 in Short Blades
  7233 | D:7      | Reached skill level 5 in Long Blades
  7233 | D:7      | Reached skill level 5 in Axes
  7233 | D:7      | Reached skill level 5 in Maces & Flails
  7233 | D:7      | Reached skill level 5 in Staves
  7233 | D:7      | Reached skill level 5 in Ranged Weapons
  7233 | D:7      | Reached skill level 5 in Throwing
  7233 | D:7      | Reached skill level 5 in Armour
  7233 | D:7      | Reached skill level 5 in Dodging
  7233 | D:7      | Reached skill level 5 in Stealth
  7233 | D:7      | Reached skill level 5 in Shields
  7233 | D:7      | Reached skill level 5 in Unarmed Combat
  7233 | D:7      | Reached skill level 5 in Evocations
  7236 | D:7      | Reached XP level 10. HP: 74/81 MP: 15/18
  8045 | D:8      | Identified the +5 ring mail of Oqefa {Str+3 Dex+4 SInv}
  8434 | D:8      | Found a snail-covered altar of Cheibriados.
  9304 | D:9      | Found a staircase to the Lair.
  9329 | D:9      | HP: 14/82 [wolf (5)]
  9336 | D:9      | HP: 7/82 [rime drake/icy flash freeze (15)]
  9550 | D:9      | Reached skill level 5 in Conjurations
  9550 | D:9      | Reached skill level 5 in Hexes
  9550 | D:9      | Reached skill level 5 in Summonings
  9550 | D:9      | Reached skill level 5 in Necromancy
  9550 | D:9      | Reached skill level 5 in Translocations
  9550 | D:9      | Reached skill level 5 in Transmutations
  9550 | D:9      | Reached skill level 5 in Ice Magic
  9550 | D:9      | Reached skill level 5 in Air Magic
  9550 | D:9      | Reached skill level 5 in Earth Magic
  9550 | D:9      | Reached skill level 5 in Poison Magic
  9623 | D:9      | Noticed a two-headed ogre
  9631 | D:9      | Killed a two-headed ogre
  9632 | D:9      | Reached XP level 11. HP: 62/89 MP: 15/21
  9963 | D:6      | Bought a scroll of blinking for 202 gold pieces
 10201 | D:9      | Noticed a fire dragon
 10214 | D:9      | HP: 17/89 [fire dragon (6)]
 10444 | D:9      | Found an opulent altar of Gozag.
 10456 | D:9      | Found a staircase to the Orcish Mines.
 10462 | D:9      | Found a hide-covered altar of Uskayaw.
 10474 | D:9      | Found a white marble altar of Elyvilon.
 10608 | D:9      | Found a runed translucent door.
 10609 | D:9      | Noticed a skeletal warrior
 10614 | D:9      | Noticed a tengu warrior
 10624 | D:9      | Learned a level 3 spell: Vhi's Electric Charge
 10734 | D:9      | Found a broken altar of Ashenzari.
 10808 | D:9      | Noticed a centaur warrior
 10816 | D:9      | Killed a centaur warrior
 10943 | D:9      | Killed a fire dragon
 11062 | D:9      | Learned a level 1 spell: Apportation
 11106 | Orc:1    | Entered Level 1 of the Orcish Mines
 11200 | Orc:1    | Noticed Harold
 11215 | Orc:1    | Killed Harold
 11486 | Orc:2    | Entered Level 2 of the Orcish Mines
 11486 | Orc:2    | Found a staircase to the Elven Halls.
 11918 | Orc:1    | Found Wivaoj's Weapon Shop.
 12108 | Orc:2    | Reached XP level 12. HP: 60/97 MP: 15/23
 12517 | Orc:2    | Reached skill level 10 in Fighting
 12517 | Orc:2    | Reached skill level 10 in Polearms
 13068 | Orc:2    | Found Jeful's Assorted Antiques.
 13068 | Orc:2    | Found Wyraetekh's Antique Weapon Boutique.
 13158 | Orc:1    | Noticed Fannar
 13159 | Orc:1    | Noticed an orc warlord
 13310 | Temple   | Fell from the grace of Ignis
 13310 | Temple   | Became a worshipper of Warmaster Okawaru
 13859 | Orc:2    | Found Naczod's Weapon Emporium.
 13859 | Orc:2    | Found Ulosithrigg's Distillery.
 13917 | Orc:2    | Bought a potion of heal wounds for 60 gold pieces
 13917 | Orc:2    | Bought a potion of heal wounds for 60 gold pieces
 13917 | Orc:2    | Bought a potion of heal wounds for 60 gold pieces
 13917 | Orc:2    | Bought a potion of curing for 36 gold pieces
 13958 | Orc:2    | Bought a scroll labelled XENAANYLANT for 25 gold pieces
 14155 | Orc:2    | Bought a potion of ambrosia for 96 gold pieces
 14155 | Orc:2    | Bought a potion of magic for 96 gold pieces
 14186 | Orc:2    | Bought a tiny jade amulet for 125 gold pieces
 14199 | Orc:2    | Bought 2 scrolls of identify for 100 gold pieces
 14425 | D:10     | Entered Level 10 of the Dungeon
 14471 | D:10     | You fall into a shaft and drop 3 floors!
 14491 | D:12     | Reached * piety under Okawaru
 14824 | D:10     | You are sucked into a shaft and drop 1 floor!
 15014 | D:10     | Identified the +8 plate armour "Zostaevi" {*Slow Str+3
                  | Dex+3}
 15402 | D:10     | Identified the +2 short sword of the Ghost {spect, Dex+3}
 15425 | D:10     | Reached ** piety under Okawaru
 15426 | D:10     | Reached XP level 13. HP: 104/104 MP: 25/25
 15860 | D:11     | You are sucked into a shaft and drop 1 floor!
 15860 | D:12     | Was forgiven by Ignis
 16346 | Lair:1   | Entered Level 1 of the Lair of Beasts
 16637 | Lair:1   | Reached *** piety under Okawaru
 16702 | Lair:1   | Noticed Erica
 16713 | Lair:1   | Killed Erica
 17554 | Lair:2   | Found a transporter.
 17554 | Lair:2   | Noticed adizb's ghost (journeyman TrEE)
 17562 | Lair:2   | Found a transporter.
 17595 | Lair:2   | Found the +3 crown of Dyrovepreva {rElec Int+2 SInv}
 17685 | Lair:2   | Found a staircase to the Shoals.
 17743 | Lair:2   | Reached **** piety under Okawaru
 18102 | Lair:2   | Found a hole to the Spider Nest.
 18508 | Lair:3   | Noticed Nessos
 18517 | Lair:3   | Killed Nessos
 18670 | Lair:3   | Reached ***** piety under Okawaru
 18670 | Lair:3   | Received a gift from Okawaru
 19513 | Lair:4   | Received a gift from Okawaru
 19670 | Lair:4   | Reached XP level 14. HP: 81/113 MP: 27/27
 19671 | Lair:4   | Reached skill level 10 in Invocations
 19800 | Lair:4   | Learned a level 2 spell: Blink
 20381 | Lair:5   | Entered Level 5 of the Lair of Beasts
 20909 | Lair:5   | Received a gift from Okawaru
 20941 | Lair:5   | Found a staircase to the Slime Pits.
 20942 | Lair:5   | Found a viscous altar of Jiyva.
 20990 | Lair:5   | Reached skill level 10 in Spellcasting
 21426 | Lair:5   | Received a gift from Okawaru
 21448 | Lair:5   | Reached ****** piety under Okawaru
 21692 | Lair:5   | Received a gift from Okawaru
 21832 | Lair:5   | Received a gift from Okawaru
 21833 | Lair:5   | Reached skill level 10 in Fire Magic
 22035 | Lair:5   | Noticed Urug
 22050 | Lair:5   | Killed Urug
 22514 | D:6      | Bought the +2 helmet of Generosity {rC- rCorr Int+2 Slay+3}
                  | for 442 gold pieces
 22829 | D:9      | Reached skill level 10 in Short Blades
 22829 | D:9      | Reached skill level 10 in Long Blades
 22829 | D:9      | Reached skill level 10 in Axes
 22829 | D:9      | Reached skill level 10 in Maces & Flails
 22829 | D:9      | Reached skill level 10 in Staves
 22829 | D:9      | Reached skill level 10 in Ranged Weapons
 22829 | D:9      | Reached skill level 10 in Throwing
 22829 | D:9      | Reached skill level 10 in Armour
 22829 | D:9      | Reached skill level 10 in Dodging
 22829 | D:9      | Reached skill level 10 in Stealth
 22829 | D:9      | Reached skill level 10 in Shields
 22829 | D:9      | Reached skill level 10 in Unarmed Combat
 22829 | D:9      | Reached skill level 10 in Evocations
 22975 | Lair:2   | Killed adizb's ghost
 22976 | Lair:2   | Reached XP level 15. HP: 76/120 MP: 23/29
 23231 | Orc:1    | Killed Fannar
 23232 | Arena    | Entered the Arena
 23238 | Arena    | Killed an orc warlord
 23789 | D:6      | Bought a book of Touch for 242 gold pieces
 23794 | D:6      | Learned a level 4 spell: Dispel Undead
 23798 | D:6      | Learned a level 3 spell: Confusing Touch
 25423 | D:13     | Identified the +0 robe of Ceufinli {rC++}
 25430 | D:13     | Found the +3 salamander hide armour {Flames, rFlCloud rF++
                  | rC--}
 26279 | D:14     | Received a gift from Okawaru
 26495 | D:14     | Received a gift from Okawaru
 26495 | D:14     | Found the +16 obsidian axe {drain, demonic, Mesm Drain Fly
                  | SInv}
 26496 | D:14     | Reached XP level 16. HP: 106/129 MP: 31/31
 26969 | D:14     | Identified the staff of fire "Kufoh" {rF+ rN+ Dex+4}
 27694 | D:14     | Found a gate to the Vaults.
 27913 | D:15     | Entered Level 15 of the Dungeon
 27977 | D:15     | Received a gift from Okawaru
 28014 | D:15     | Found a gate leading to a gauntlet.
 28171 | Gauntlet | Entered a Gauntlet
 28171 | Gauntlet | Found a transporter.
 28171 | Gauntlet | Found a transporter.
 28208 | Gauntlet | Found a transporter.
 28208 | Gauntlet | Found a transporter.
 28221 | Gauntlet | Found a transporter.
 28221 | Gauntlet | Found a large runed translucent door.
 28230 | Gauntlet | Found a transporter.
 28238 | Gauntlet | Found a transporter.
 28240 | Gauntlet | Found a transporter.
 28240 | Gauntlet | Found a transporter.
 28244 | Gauntlet | Found a transporter.
 28278 | Gauntlet | Found a transporter.
 28296 | Gauntlet | Found a transporter.
 28342 | Gauntlet | Found a transporter.
 28358 | Gauntlet | Found a transporter.
 28460 | Gauntlet | Found a transporter.
 28462 | Gauntlet | Found a large runed translucent door.
 28462 | Gauntlet | Found a large runed translucent door.
 28463 | Gauntlet | Found a large runed translucent door.
 28463 | Gauntlet | Found a large runed translucent door.
 28464 | Gauntlet | Found a runed translucent door.
 28464 | Gauntlet | Found a large runed translucent door.
 28464 | Gauntlet | Found a runed translucent door.
 28464 | Gauntlet | Found a large runed translucent door.
 28464 | Gauntlet | Found a large runed translucent door.
 28465 | Gauntlet | Found a large runed translucent door.
 28465 | Gauntlet | Found a large runed translucent door.
 28468 | Gauntlet | Found a large runed translucent door.
 28468 | Gauntlet | Found a large runed translucent door.
 28470 | Gauntlet | Found a large runed translucent door.
 28470 | Gauntlet | Found a large runed translucent door.
 28470 | Gauntlet | Found a large runed translucent door.
 28472 | Gauntlet | Found a runed translucent gate.
 28472 | Gauntlet | Found a runed translucent gate.
 28472 | Gauntlet | Found a runed translucent gate.
 28474 | Gauntlet | Found a transporter.
 28485 | Gauntlet | Found a large runed translucent door.
 28686 | Gauntlet | Identified the ring "Lydwof" {Wiz rN+ Str+6 Stlth-}
 28734 | Gauntlet | Identified the amulet of Myssi {+Inv rF+ Regen+ Int-3}
 28967 | D:15     | Found Hexeysy's General Store.
 29080 | D:15     | Received a gift from Okawaru
 29112 | D:15     | Learned a level 5 spell: Arcjolt
 29118 | D:15     | Learned a level 5 spell: Yara's Violent Unravelling
 29133 | D:15     | Found a staircase to the Depths.
 29241 | D:15     | Received a gift from Okawaru
 29395 | D:15     | Identified the +0 pair of gloves of Fovuph {*Slow rPois
                  | Will+ Int+2} (Okawaru gifted it to you on level 15 of the
                  | Dungeon)
 29395 | D:15     | Received a gift from Okawaru
 29574 | D:15     | jfcaron: ??order
 29574 | D:15     | beem: hyperelliptic[1/2]: D:11 -> Lair -> D:12 -> Orc ->
                  | D:15 -> S:3 -> maybe other S:3 -> get both S runes -> maybe
                  | Elf (but not the Elf:3 vault) -> Vaults:4 -> maybe Crypt ->
                  | Depths:4 -> Vaults:5 -> maybe Slime -> Zot ("S" means
                  | Shoals/Snake/Spider/Swamp)
 29771 | Spider:1 | Entered Level 1 of the Spider Nest
 30987 | Spider:2 | Reached XP level 17. HP: 137/137 MP: 33/33
 31325 | Spider:2 | Reached skill level 10 in Conjurations
 31325 | Spider:2 | Reached skill level 10 in Hexes
 31325 | Spider:2 | Reached skill level 10 in Summonings
 31325 | Spider:2 | Reached skill level 10 in Necromancy
 31325 | Spider:2 | Reached skill level 10 in Translocations
 31325 | Spider:2 | Reached skill level 10 in Transmutations
 31325 | Spider:2 | Reached skill level 10 in Ice Magic
 31325 | Spider:2 | Reached skill level 10 in Air Magic
 31325 | Spider:2 | Reached skill level 10 in Earth Magic
 31325 | Spider:2 | Reached skill level 10 in Poison Magic
 31351 | Spider:2 | Identified the +6 falchion "Bikh" {heavy, Will+ Dex+2}
 32427 | Spider:2 | Identified the +10 war axe of Impatience {drain, *Slow
                  | Int+3 Stlth+}
 32469 | Spider:2 | Received a gift from Okawaru
 32802 | Spider:2 | Received a gift from Okawaru
 33318 | Spider:3 | Identified the +2 hat "Femuacwy" {Rampage rC+ rN+} (Okawaru
                  | gifted it to you on level 3 of the Spider Nest)
 33318 | Spider:3 | Received a gift from Okawaru
 33374 | Spider:3 | Found a frozen archway.
 33404 | IceCv    | Entered an ice cave
 33452 | IceCv    | Identified the +1 pair of gloves "Guceacupn" {Rampage rElec
                  | rC+ Dex+3}
 33484 | IceCv    | Found an ancient bone altar of Kikubaaqudgha.
 33882 | IceCv    | Noticed a lich
 33900 | IceCv    | HP: 25/137 [white very ugly thing (4)]
 33902 | IceCv    | Killed a lich
 33908 | IceCv    | HP: 21/138 [white very ugly thing (10)]
 33908 | IceCv    | HP: 5/138 [white very ugly thing (7)]
 33908 | IceCv    | Slain by a white very ugly thing

Illustrated notes

Levels and vault maps discovered:
D:1:      spicycebolla_arrival_xxxplode, layout_loops_ring,
          corexii_item_surrounded_by_moat, wad_floor_pattern_untrapped
D:2:      minmay_wonky_spiral, layout_basic
D:3:      minmay_chambers_of_threes, layout_loops_cross, tgw_kikubaaqudgha,
          amcnicky_altar_gilded, serial_shops, nicolae_shop_tiny_glass,
          shapermc_ecumenical_altar_notcrosses
D:4:      layout_basic, jmf_multi_god_temple, lightli_corner_chamber
D:5:      layout_rooms, mainiacjoe_overflow_alcove_1, minmay_temple_entry_glass,
          enter_ossuary_3, kennysheep_cluttered_room
D:6:      minmay_goblin_kobold_castle, layout_loops_ring, marbit_many_paths,
          gup_sewer_entry_glass, serial_shops, nicolae_shop_mannequins,
          nicolae_shop_getting_attention, kennysheep_little_box,
          nicolae_wooded_promenade
D:7:      layout_loops_ring, fiery_altar_vehumet
D:8:      layout_gridville, old_standard_altar
D:9:      dragon1_lemuel, layout_stronghold, nicolae_overflow_quartered_altars,
          hellmonk_lair_entry_icy, orc_0_dummy, wad_hexagon
D:10:     layout_long_grid
D:11:     layout_basic, serial_corexii_hall, chequers_hall_statues_wall_a,
          corexii_hall_statues_s, serial_bayou_pond_e
D:12:     layout_rooms
D:13:     minmay_opposing_rooms, layout_gridville
D:14:     minmay_the_grid_octo_tiled_octocenter [minmay_the_grid_octo_77,
          minmay_the_grid_octo_fat_diamond,
          minmay_the_grid_octo_vomiting_pacman, minmay_the_grid_octo_chip,
          minmay_the_grid_octo_prize_star,
          minmay_the_grid_square_5x5_three_small,
          minmay_the_grid_square_5x5_n_small, minmay_the_grid_square_5x5_comb,
          minmay_the_grid_square_5x5_shrine1], layout_loops_cross,
          grunt_vaults_entry_fortified, minmay_misc_feat_pillars,
          lemuel_old_faithful
D:15:     grunt_enter_depths_magical_seal, layout_basic, gauntlet_entry_generic,
          chequers_decorated_corner, serial_shops, shop
Temple:   hellmonk_temple_micro_hex
Lair:1:   layout_hall_layers, uniq_erica
Lair:2:   layout_long_grid, elwin_shoals_entry_rocks,
          spider_nest_entry_funnel_web, gammafunk_ghost_berserking_beasts
Lair:3:   layout_regular_city, grunt_megastairs_1, uniq_nessos
Lair:4:   layout_hall_layers, st_stairs_6
Lair:5:   evilmike_catoblepas_cave, layout_regular_city,
          minmay_slime_entry_jelly_boxes, grunt_megastairs_3, uniq_urug
Spider:1: layout_spider_delve, hangedman_spider_tarantella_strand
Spider:2: layout_chambers, hellmonk_spider_spawner
Spider:3: layout_spider_delve, portal_ice_cave_entry_pillars_2, drop_trap
Orc:1:    layout_caves, serial_shops, shop, uniq_fannar, uniq_harold
Orc:2:    st_orc_town, layout_diamond_mine, nooodl_orcs_dogs
IceCv:    ice_cave_small_necro

Skill      XL: |  1  2  3  4  5  6  7  8  9 10 11 12 13 14 15 16 17 |
---------------+----------------------------------------------------+-----
Invocations    | 1 2 3 4 5 6 7 8 9 10 11 12 13 | 13.3
Short Blades   | 1 2 3 5 6 7 8 9 10 11 12 | 12.3
Long Blades    | 1 2 3 5 6 7 8 9 10 11 12 | 12.3
Axes           | 1 2 3 5 6 7 8 9 10 11 12 | 12.3
Maces & Flails | 1 2 3 5 6 7 8 9 10 11 12 | 12.3
Staves         | 1 2 3 5 6 7 8 9 10 11 12 | 12.3
Ranged Weapons | 1 2 3 5 6 7 8 9 10 11 12 | 12.3
Throwing       | 1 2 3 5 6 7 8 9 10 11 12 | 12.3
Armour         | 1 2 3 5 6 7 8 9 10 11 12 | 12.3
Dodging        | 1 2 3 5 6 7 8 9 10 11 12 | 12.3
Stealth        | 1 2 3 5 6 7 8 9 10 11 12 | 12.3
Shields        | 1 2 3 5 6 7 8 9 10 11 12 | 12.3
Unarmed Combat | 1 2 3 5 6 7 8 9 10 11 12 | 12.3
Evocations     | 1 2 3 5 6 7 8 9 10 11 12 | 12.3
Spellcasting   | 3 4 5 6 7 8 9 10 11 12 | 12.6
Conjurations   | 1 2 3 4 5 6 7 8 9 10 | 10.4
Hexes          | 1 2 3 4 5 6 7 8 9 10 | 10.4
Summonings     | 1 2 3 4 5 6 7 8 9 10 | 10.4
Necromancy     | 1 2 3 4 5 6 7 8 9 10 | 10.4
Translocations | 1 2 3 4 5 6 7 8 9 10 | 10.4
Transmutations | 1 2 3 4 5 6 7 8 9 10 | 10.4
Ice Magic      | 1 2 3 4 5 6 7 8 9 10 | 10.4
Air Magic      | 1 2 3 4 5 6 7 8 9 10 | 10.4
Earth Magic    | 1 2 3 4 5 6 7 8 9 10 | 10.4
Poison Magic   | 1 2 3 4 5 6 7 8 9 10 | 10.4
Fighting       | 7 8 9 10 11 12 13 | 13.8
Polearms       | 7 8 9 10 11 12 13 | 13.8
Fire Magic     | 6 7 8 9 10 11 | 11.7

Action                     |  1- 3 |  4- 6 |  7- 9 | 10-12 | 13-15 | 16-18 || total
---------------------------+-------+-------+-------+-------+-------+-------++-------
  Melee: Spear             |   135 |   250 |     9 |       |       |       ||   394
         Bite              |    13 |    19 |    17 |    55 |    95 |    63 ||   262
         Punch             |     1 |     5 |       |       |       |       ||     6
         Hand axe          |       |     5 |    22 |       |       |       ||    27
         Demon trident     |       |       |   234 |   538 |   681 |   623 ||  2076
  Throw: Stone             |     3 |       |       |   150 |    35 |    99 ||   287
         Dart              |       |       |    16 |    33 |    18 |   199 ||   266
         Boomerang         |       |       |       |    72 |   482 |       ||   554
         Javelin           |       |       |       |     2 |     6 |       ||     8
   Cast: Scorch            |     4 |    27 |     5 |       |       |       ||    36
         Vhi's Electric Ch |       |       |       |     1 |       |     2 ||     3
         Dispel Undead     |       |       |       |       |       |     6 ||     6
 Invoke: Fiery Armour      |       |     2 |     2 |     2 |       |       ||     6
         Foxfire Swarm     |       |       |     2 |     3 |       |       ||     5
         Heroism           |       |       |       |       |     4 |     6 ||    10
         Finesse           |       |       |       |       |     3 |       ||     3
         Duel              |       |       |       |       |     1 |       ||     1
  Evoke: Piece from Xom's  |       |       |       |       |     2 |       ||     2
         Wand              |       |       |       |       |     1 |    18 ||    19
         Lightning rod     |       |       |       |       |       |     6 ||     6
    Use: Scroll            |       |     9 |    10 |     9 |     6 |     5 ||    39
         Potion            |       |       |     1 |     3 |     2 |     3 ||     9
   Stab: Sleeping          |     2 |     4 |     3 |     4 |     1 |     3 ||    17
         Distracted        |       |       |     1 |     9 |    14 |    11 ||    35
         Held in net/web   |       |       |       |     1 |       |       ||     1
         Paralysed         |       |       |       |       |     3 |       ||     3
 Armour: Robe              |    22 |    26 |       |       |       |       ||    48
         Leather armour    |       |    46 |    23 |       |       |       ||    69
         Ring mail         |       |       |    51 |   168 |     5 |       ||   224
         Quicksilver drago |       |       |     9 |    17 |   152 |   190 ||   368
         Scale mail        |       |       |       |       |    10 |       ||    10
  Dodge: Dodged            |    49 |   111 |    98 |   200 |   180 |   201 ||   839
  Block: Buckler           |       |     4 |    24 |    88 |    38 |       ||   154
         Kite shield       |       |       |       |       |   122 |   258 ||   380
         Reflection        |       |       |       |       |    31 |    19 ||    50

Table legend: (Time is in decaauts)
 A = Elapsed time spent in this place.
 B = Non-inter-level travel time spent in this place.
 C = Inter-level travel time spent in this place.
 D = Time resting spent in this place.
 E = Time spent auto-exploring this place.
 F = Levels seen in this place.
 G = Mean time per level.
                   A        B        C        D        E       F      G
               +--------+--------+--------+--------+--------+-----+--------+
         Total |  33249 |  29184 |   4065 |   4844 |  18154 |  31 | 1072.5 |
       Dungeon |  18772 |  15784 |   2988 |   2478 |  10144 |  15 | 1251.5 |
        Temple |     27 |     16 |     11 |      0 |     14 |   1 |   27.0 |
          Lair |   6539 |   5854 |    685 |    712 |   4228 |   5 | 1307.8 |
   Spider Nest |   2932 |   2770 |    162 |    356 |   1865 |   3 |  977.3 |
  Orcish Mines |   3336 |   3119 |    217 |   1156 |   1164 |   2 | 1668.0 |
         Sewer |    319 |    319 |      0 |      0 |    222 |   1 |  319.0 |
       Ossuary |    140 |    140 |      0 |     27 |     44 |   1 |  140.0 |
      Ice Cave |    476 |    476 |      0 |     72 |    143 |   1 |  476.0 |
      Gauntlet |    697 |    697 |      0 |     41 |    330 |   1 |  697.0 |
         Arena |      6 |      6 |      0 |      0 |      0 |   1 |    6.0 |
               +--------+--------+--------+--------+--------+-----+--------+

Top non-repeatable levels by time:
   Orc:2: 2314 daAuts
    D:14: 2279 daAuts
     D:6: 2277 daAuts
     D:9: 2122 daAuts
Spider:2: 1864 daAuts
  Lair:5: 1768 daAuts
     D:8: 1496 daAuts
     D:4: 1425 daAuts
  Lair:2: 1380 daAuts
     D:3: 1267 daAuts
  Lair:4: 1172 daAuts
  Lair:1: 1163 daAuts
     D:7: 1096 daAuts
    D:11: 1079 daAuts
  Lair:3: 1054 daAuts

Table legend:
 A = Kills in this place as a percentage of kills in the entire game.
 B = Kills by you in this place as a percentage of kills by you in the entire game.
 C = Kills by friends in this place as a percentage of kills by friends in the entire game.
 D = Other kills in this place as a percentage of other kills in the entire game.
 E = Experience gained in this place as a percentage of experience gained in the entire game.
 F = Experience gained in this place divided by the number of levels of this place that you have seen.
                   A       B       C       D       E      F
               +-------+-------+-------+-------+-------+----------------------
         Total | 100.0 | 100.0 |   N/A | 100.0 | 100.0 | 7349.8
       Dungeon |  47.7 |  47.7 |   N/A |  50.0 |  38.0 | 5774.9
          Lair |  15.7 |  15.8 |   N/A |   0.0 |  22.2 | 10138.0
   Spider Nest |  12.7 |  12.6 |   N/A |  50.0 |  21.5 | 16335.7
  Orcish Mines |  13.8 |  13.8 |   N/A |   0.0 |   7.6 | 8618.5
         Sewer |   2.4 |   2.4 |   N/A |   0.0 |   0.2 | 426.0
       Ossuary |   1.4 |   1.4 |   N/A |   0.0 |   0.1 | 327.0
      Ice Cave |   4.6 |   4.6 |   N/A |   0.0 |   7.3 | 16716.0
      Gauntlet |   1.6 |   1.6 |   N/A |   0.0 |   2.5 | 5656.0
         Arena |   0.1 |   0.1 |   N/A |   0.0 |   0.5 | 1163.0
               +-------+-------+-------+-------+-------+----------------------

Levels and vault maps discovered:
D:1:      spicycebolla_arrival_xxxplode, layout_loops_ring,
          corexii_item_surrounded_by_moat, wad_floor_pattern_untrapped
D:2:      minmay_wonky_spiral, layout_basic
D:3:      minmay_chambers_of_threes, layout_loops_cross, tgw_kikubaaqudgha,
          amcnicky_altar_gilded, serial_shops, nicolae_shop_tiny_glass,
          shapermc_ecumenical_altar_notcrosses
D:4:      layout_basic, jmf_multi_god_temple, lightli_corner_chamber
D:5:      layout_rooms, mainiacjoe_overflow_alcove_1, minmay_temple_entry_glass,
          enter_ossuary_3, kennysheep_cluttered_room
D:6:      minmay_goblin_kobold_castle, layout_loops_ring, marbit_many_paths,
          gup_sewer_entry_glass, serial_shops, nicolae_shop_mannequins,
          nicolae_shop_getting_attention, kennysheep_little_box,
          nicolae_wooded_promenade
D:7:      layout_loops_ring, fiery_altar_vehumet
D:8:      layout_gridville, old_standard_altar
D:9:      dragon1_lemuel, layout_stronghold, nicolae_overflow_quartered_altars,
          hellmonk_lair_entry_icy, orc_0_dummy, wad_hexagon
D:10:     layout_long_grid
D:11:     layout_basic, serial_corexii_hall, chequers_hall_statues_wall_a,
          corexii_hall_statues_s, serial_bayou_pond_e
D:12:     layout_rooms
D:13:     minmay_opposing_rooms, layout_gridville
D:14:     minmay_the_grid_octo_tiled_octocenter [minmay_the_grid_octo_77,
          minmay_the_grid_octo_fat_diamond,
          minmay_the_grid_octo_vomiting_pacman, minmay_the_grid_octo_chip,
          minmay_the_grid_octo_prize_star,
          minmay_the_grid_square_5x5_three_small,
          minmay_the_grid_square_5x5_n_small, minmay_the_grid_square_5x5_comb,
          minmay_the_grid_square_5x5_shrine1], layout_loops_cross,
          grunt_vaults_entry_fortified, minmay_misc_feat_pillars,
          lemuel_old_faithful
D:15:     grunt_enter_depths_magical_seal, layout_basic, gauntlet_entry_generic,
          chequers_decorated_corner, serial_shops, shop
Temple:   hellmonk_temple_micro_hex
Lair:1:   layout_hall_layers, uniq_erica
Lair:2:   layout_long_grid, elwin_shoals_entry_rocks,
          spider_nest_entry_funnel_web, gammafunk_ghost_berserking_beasts
Lair:3:   layout_regular_city, grunt_megastairs_1, uniq_nessos
Lair:4:   layout_hall_layers, st_stairs_6
Lair:5:   evilmike_catoblepas_cave, layout_regular_city,
          minmay_slime_entry_jelly_boxes, grunt_megastairs_3, uniq_urug
Spider:1: layout_spider_delve, hangedman_spider_tarantella_strand
Spider:2: layout_chambers, hellmonk_spider_spawner
Spider:3: layout_spider_delve, portal_ice_cave_entry_pillars_2, drop_trap
Orc:1:    layout_caves, serial_shops, shop, uniq_fannar, uniq_harold
Orc:2:    st_orc_town, layout_diamond_mine, nooodl_orcs_dogs
IceCv:    ice_cave_small_necro
